 Dungeon Crawl Stone Soup version 0.22-a0-248-gc8378ba (webtiles) character file.

317 Azzok the Skirmisher (level 6, -1/44 HPs)
             Began as a Gargoyle Berserker on Feb 28, 2018.
             Was a Believer of Trog.
             Slain by a scorpion (3 damage)
             ... on level 4 of the Dungeon.
             The game lasted 00:03:13 (1977 turns).

Azzok the Skirmisher (Gargoyle Berserker)           Turns: 1977, Time: 00:03:14

Health: -1/44      AC: 10    Str: 20    XL:     6   Next: 45%
Magic:  6/6        EV: 11    Int: 10    God:    Trog [**....]
Gold:   100        SH:  0    Dex:  9    Spells: 5/5 levels left

rFire    . . .     SeeInvis .   a - +0 falchion
rCold    . . .     Gourm    .   (no shield)
rNeg     + . .     Faith    .   g - +0 ring mail
rPois    ∞         Spirit   .   j - +0 helmet
rElec    +         Reflect  .   (no cloak)
rCorr    .         Harm     .   (no gloves)
MR       .....                  (no boots)
Stlth    ..........             (no amulet)
HPRegen  0.14/turn              (no ring)
MPRegen  0.10/turn              (no ring)

@: no status effects
A: negative energy resistance 1, electricity resistance, unbreathing,
petrification resistance, rot immunity, AC +4
a: Berserk, Trog's Hand, Renounce Religion


You were on level 4 of the Dungeon.
You worshipped Trog.
Trog was pleased with you.
You were not hungry.

You visited 1 branch of the dungeon, and saw 4 of its levels.

You collected 100 gold pieces.

Inventory:

Hand Weapons
 a - a +0 falchion (weapon)
Missiles
 b - 37 arrows
Armour
 g - a +0 ring mail (worn)
 j - a +0 helmet (worn)
Scrolls
 d - 2 scrolls of remove curse
 e - a scroll of amnesia {unknown}
 i - 2 scrolls of identify {unknown}
 k - a scroll of fog {unknown}
Potions
 h - 2 potions of resistance {unknown}
 l - a potion of lignification {unknown}
Comestibles
 c - 5 rations
 f - 3 chunks of flesh


   Skills:
 + Level 7.7 Fighting
 - Level 2.6 Long Blades
 - Level 2.1 Armour
 - Level 1.5 Dodging


You had 5 spell levels left.
You didn't know any spells.

Dungeon Overview and Level Annotations

Branches:
Dungeon (4/15)
 Temple: D:4-7

Altars:
Fedhas
Gozag
Wu Jian
Xom
Zin


Innate Abilities, Weirdness & Mutations

You are resistant to torment.
Your stone body is resilient. (AC +4)
You are immune to poison.
You resist negative energy. (rN+)
You are resistant to electric shocks. (rElec)
You can survive without breathing.
You are immune to petrification.
You are immune to rotting.


Message History

Found a ration.
There is a stone staircase leading up here.
The orc misses you.
A scorpion comes into view.
The orc hits you but does no damage. The scorpion barely misses you.
Found a stone staircase leading up.
The scorpion stings you but does no damage.
The orc hits you but does no damage.
You hit the scorpion.
The scorpion is moderately wounded.
The worker ant bites you but does no damage.
The scorpion stings you.
* * * LOW HITPOINT WARNING * * *
The worker ant bites you.
* * * LOW HITPOINT WARNING * * *
A scorpion comes into view.
The worker ant barely misses you. The scorpion stings you.
You die...

· ▒··▒ ▒·▒
▒▒▒▒▒▒▒▒▒▒▒·· ·▒·
▒▒·····▒▒··<·· ··
▒·▒·······▒·▒▒····
▒·····<··o··▒▒·▒· ▒
····8w····8·s▒▒·· ·▒
·▒········ooo▒▒·▒·▒▒·▒
w··%··8·8··▒·▒▒@·····▒
···········▒··as··▒▒▒▒
▒···▒▒···▒▒▒▒▒▒·▒▒▒
▒▒▒▒ ▒▒·▒▒ ▒·▒ ···▒
··▒ ·· ▒▒▒


You could see a scorpion and a worker ant.

Vanquished Creatures
  Sigmund (D:1)
  An orc wizard (D:3)
  4 gnolls (D:2)
  5 adders (D:2)
  2 worms
  A dart slug (D:3)
  A leopard gecko (D:1)
  3 orcs (D:3)
  5 bats
  4 giant cockroaches
  2 goblins
  3 hobgoblins
  3 jackals (D:1)
  A ball python (D:2)
  A frilled lizard (D:1)
  5 kobolds
  5 rats
47 creatures vanquished.

Notes
Turn   | Place    | Note
-------+----------+-------------------------------------------
     0 | D:1      | Azzok the Gargoyle Berserker began the quest for the Orb.
     0 | D:1      | Reached XP level 1. HP: 14/14 MP: 1/1
     3 | D:1      | Noticed a merfolk zombie
     5 | D:1      | Noticed a minotaur zombie
    16 | D:1      | Noticed a minotaur zombie
    16 | D:1      | Noticed a merfolk zombie
   352 | D:1      | Reached XP level 2. HP: 20/20 MP: 2/2
   469 | D:1      | Reached skill level 4 in Fighting
   897 | D:2      | Noticed Sigmund
   906 | D:1      | Killed Sigmund
   906 | D:1      | Reached skill level 6 in Fighting
   906 | D:1      | Reached XP level 3. HP: 28/28 MP: 3/3
   906 | D:1      | Reached XP level 4. HP: 32/32 MP: 4/4
   906 | D:1      | Reached XP level 5. HP: 37/37 MP: 5/5
   996 | D:2      | Reached ** piety under Trog
  1109 | D:2      | Reached skill level 7 in Fighting
  1193 | D:2      | Reached XP level 6. HP: 44/44 MP: 6/6
  1539 | D:2      | Found a glowing silver altar of Zin.
  1541 | D:2      | Found a shimmering altar of Xom.
  1542 | D:2      | Found a blossoming altar of Fedhas.
  1545 | D:2      | Found an ornate altar of the Wu Jian Council.
  1546 | D:2      | Found an opulent altar of Gozag.
  1974 | D:4      | HP: 2/44 [worker ant (5)]
  1977 | D:4      | Slain by a scorpion

Vault maps used:
D:1:      shiori_arrival_whats_in_store_for_you, amethyst_killhole
D:2:      minitemple, uniq_sigmund
D:3:      first_ration
D:4:      minmay_door_path, st_stairs_13, minmay_misc_feat_doors,
          grunt_ministairs_9

Skill      XL: |  1  2  3  4  5 |
---------------+----------------+-----
Fighting       | 6 7 |  7.7
Long Blades    | |  2.6
Armour         | |  2.1
Dodging        | |  1.5

Action                   |  1- 3 |  4- 6 || total
-------------------------+-------+-------++-------
Melee: Falchion          |    28 |   149 ||   177
Invok: Berserk           |     1 |     1 ||     2
  Use: Scroll            |       |     1 ||     1
  Eat: Chunk             |       |     6 ||     6
Armor: Animal skin       |     1 |       ||     1
       Ring mail         |     9 |    71 ||    80
Dodge: Dodged            |    32 |    88 ||   120
       Rpst.: Falchion   |    14 |    24 ||    38

Table legend:
 A = Spawn XP
 B = Non-spawn XP
 C = Spawn XP percentage of total XP
 D = Spawn monster count
 E = Non-spawn monster count
 F = Spawn count percentage of total count
 G = Total turns spent on level
                    A         B        C        D         E        F      G
               +---------+---------+-------+---------+---------+-------+---------
         Total |       0 |     454 |   0.0 |       0 |      47 |   0.0 |  1977
               +---------+---------+-------+---------+---------+-------+---------
           D:1 |       0 |     242 |   0.0 |       0 |      14 |   0.0 |   925
           D:2 |       0 |     150 |   0.0 |       0 |      25 |   0.0 |   761
           D:3 |       0 |      62 |   0.0 |       0 |       8 |   0.0 |   281
               +---------+---------+-------+---------+---------+-------+---------
